Stars vs Blues
(R1)
Created - December 12, 2021 at 22:42
Goals
|
| Stars |
0 |
1 |
0 |
0 |
1 |
| Blues |
0 |
1 |
0 |
1 |
2 |
|
Shots
|
| Stars |
18 |
8 |
8 |
0 |
34 |
| Blues |
10 |
12 |
8 |
1 |
31 |
|
1st period
No Goal
Penalties :
Patrick Kaleta (Stl) for Roughing (Minor) at 1:16, Drew Shore (Stl) for Hooking (Minor) at 8:09, Brian Lee (Dal) for Hooking (Minor) at 13:49, Brian Lee (Dal) for Holding (Minor) at 16:32, Jujhar Khaira (Stl) for Interference (Minor) at 19:02
2nd period
1. Stars , Jeremy Morin 1 (Evgeny Kuznetsov 1) at 6:47
2. Blues , Riley Sheahan 2 (Cody Ceci 1, Filip Forsberg 5) at 18:33
Penalties :
Andrej Sustr (Dal) for Hooking (Minor) at 1:40, Cody Ceci (Stl) for Roughing (Minor) at 8:47, Brian Lee (Dal) for Roughing (Minor) at 13:27
3rd period
No Goal
Penalties :
Filip Forsberg (Stl) for Hooking (Minor) at 1:45, Andrew Ladd (Dal) for High sticking (Minor) at 9:59, Andrew Ladd (Dal) for Tripping (Minor) at 12:56, Anthony Mantha (Stl) for Roughing (Minor) at 15:16, Alex Pietrangelo (Stl) for Hooking (Minor) at 18:23
Overtime #1
3. Blues , Cody Ceci 1 (Riley Sheahan 7) at 0:09 (SH)
Penalties :
No Penalty
Goalie Stats
Matt Murray (Dal), 29 saves from 31 shots - (0.935), OTL, 1-1-2, 60:09 minutes
Carey Price (Stl), 33 saves from 34 shots - (0.971), W, 3-2-0, 60:09 minutes
Players Stats for Stars
Player Name G A P +/- PIM S H SB GA TA FO MP PP MP PK MP
------------------------------------------------------------------------------------
Alex Chiasson 0 0 0 0 0 2 0 0 1 0 0/1 14:26 5:49 0:00
Andrej Sustr 0 0 0 -1 2 1 0 0 0 1 0/0 20:35 5:54 4:20
Andrew Ladd 0 0 0 0 4 0 1 1 0 0 0/0 11:03 0:24 0:47
Boris Valabik 0 0 0 -1 0 3 2 1 0 0 0/0 21:26 5:54 5:05
Brian Lee 0 0 0 -1 6 7 0 1 0 0 0/0 26:17 7:36 3:33
Cam Atkinson 0 0 0 0 0 0 1 0 0 0 0/0 9:41 0:24 0:00
Cory Emmerton 0 0 0 0 0 1 0 0 0 0 3/7 11:30 0:00 1:59
Evgeny Grachev 0 0 0 0 0 0 2 2 0 0 5/11 14:26 5:49 0:00
Evgeny Kuznetsov 0 1 1 1 0 1 0 0 0 0 2/3 5:59 0:00 0:00
Guillaume Latendresse 0 0 0 -2 0 0 2 1 1 1 0/2 23:54 7:17 6:39
Ian White 0 0 0 -1 0 2 2 4 0 1 0/0 29:40 7:36 6:49
Jeremy Morin 1 0 1 1 0 1 0 1 0 0 0/0 6:45 0:00 0:46
John Tavares 0 0 0 -2 0 9 1 0 1 0 17/31 24:00 7:29 6:37
Jussi Jokinen 0 0 0 0 0 4 0 0 0 0 0/1 18:40 5:49 3:30
Michael Grabner 0 0 0 -1 0 3 2 0 0 0 1/2 20:49 7:17 3:30
Paul Ladue 0 0 0 1 0 0 0 1 0 0 0/0 14:11 0:00 4:01
Scott Kosmachuck 0 0 0 1 0 0 1 0 0 0 0/0 6:11 0:12 0:00
Tyson Barrie 0 0 0 1 0 0 0 0 0 0 0/0 9:03 0:00 0:00
Players Stats for Blues
Player Name G A P +/- PIM S H SB GA TA FO MP PP MP PK MP
------------------------------------------------------------------------------------
Alex Pietrangelo 0 0 0 0 2 5 2 0 0 1 0/0 21:13 7:20 1:10
Anthony Mantha 0 0 0 0 2 1 1 0 0 0 1/1 8:41 0:00 0:00
Auston Matthews 0 0 0 0 0 0 1 0 0 0 3/8 13:30 5:35 0:00
Brandon Montour 0 0 0 -1 0 0 0 2 0 0 0/0 9:22 0:00 0:10
Cody Ceci 1 1 2 2 2 2 2 1 0 0 0/0 20:14 0:00 7:57
David Perron 0 0 0 1 0 3 1 0 0 0 0/0 14:27 5:35 0:53
Devin Shore 0 0 0 -1 0 0 0 0 0 0 1/1 6:53 0:04 0:43
Drew Shore 0 0 0 1 2 3 2 0 0 0 11/16 15:18 0:00 7:18
Filip Forsberg 0 1 1 0 2 1 1 0 0 0 0/1 17:11 6:16 0:00
Jacob Slavin 0 0 0 -1 0 0 2 3 0 0 0/0 21:56 7:20 4:33
Jake Gardiner 0 0 0 2 0 0 1 0 1 0 0/0 21:29 4:34 4:42
Jujhar Khaira 0 0 0 -1 2 0 1 0 0 0 1/3 8:48 0:03 2:48
Linus Omark 0 0 0 0 0 0 2 0 0 0 1/1 7:42 0:00 0:00
Nicklas Backstrom 0 0 0 0 0 4 3 2 0 1 11/24 17:12 6:16 0:00
Patrick Kaleta 0 0 0 -1 2 1 1 0 1 0 1/1 11:13 0:00 3:19
Riley Sheahan 1 1 2 2 0 5 0 0 0 0 0/1 19:13 5:35 4:18
Ryan Murray 0 0 0 0 0 1 5 0 0 0 0/0 27:19 4:34 8:46
Tyler Johnson 0 0 0 0 0 5 3 2 1 1 0/1 25:09 6:18 7:50
3 Stars
1 - Carey Price (Stl)
2 - Riley Sheahan (Stl)
3 - Cody Ceci (Stl)
Power Play
Stars - 0 on 7 Attempt(s) - 0.00%
Blues - 0 on 6 Attempt(s) - 0.00%
Penalty Kill
Stars - 6 on 6 Attempt(s) - 100.00%
- Score 0 goal in Penalty Kill
Blues - 7 on 7 Attempt(s) - 100.00%
- Score 1 goal in Penalty Kill
Team Stat
Stars - Hits : 14 - Faceoff Wins : 28 - Blocked Shots : 12 - Penalty Minutes : 12
Blues - Hits : 28 - Faceoff Wins : 30 - Blocked Shots : 10 - Penalty Minutes : 14
Official
Referees : Peter MacDougall and Michael Markovic
Linesman : Mark Shewchyk and Julien Fournier
Game Notes
No Game Note
Finance
Level 1 -- Attendance: 5932 (98.87%) -- Ticket Income $593,200
Level 2 -- Attendance: 5000 (100.00%) -- Ticket Income $300,000
Level 3 -- Attendance: 2000 (100.00%) -- Ticket Income $70,000
Level 4 -- Attendance: 3662 (91.55%) -- Ticket Income $91,550
Luxury Box -- Attendance: 992 (99.20%) -- Ticket Income $198,400
Game was played at the Enterprise Center.
Total Attendance: 17586 (97.70%)
Total Ticket Income: $1,253,150
Other Income: $187,972
Total Income: $1,441,122
Stars
5 vs 5 Forward
Center Left Wing Right Wing Time % Phy DF OF
1 John Tavares Guillaume Latendresse Michael Grabner 40 1 2 2
2 Evgeny Grachev Jussi Jokinen Alex Chiasson 30 1 2 2
3 Cory Emmerton Andrew Ladd Cam Atkinson 20 1 2 2
4 Evgeny Kuznetsov Jeremy Morin Scott Kosmachuck 10 1 2 2
5 vs 5 Defense
Defense Defense Time % Phy DF OF
1 Ian White Brian Lee 40 1 2 2
2 Boris Valabik Andrej Sustr 30 1 2 2
3 Tyson Barrie Paul Ladue 20 1 2 2
4 Ian White Brian Lee 10 1 2 2
PowerPlay Forward
Center Left Wing Right Wing Time % Phy DF OF
1 John Tavares Guillaume Latendresse Michael Grabner 60 1 2 2
2 Evgeny Grachev Jussi Jokinen Alex Chiasson 40 1 2 2
PowerPlay Defense
Defense Defense Time % Phy DF OF
1 Ian White Brian Lee 60 1 2 2
2 Boris Valabik Andrej Sustr 40 1 2 2
Penalty Kill 4 Players Forward
Center Wing Time % Phy DF OF
1 John Tavares Guillaume Latendresse 60 1 2 2
2 Michael Grabner Jussi Jokinen 40 1 2 2
Penalty Kill 4 Players Defense
Defense Defense Time % Phy DF OF
1 Ian White Brian Lee 60 1 2 2
2 Boris Valabik Andrej Sustr 40 1 2 2
Penalty Kill - 3 Players Forward
Forward Time % Phy DF OF
1 John Tavares 60 1 2 2
2 Guillaume Latendresse 40 1 2 2
Penalty Kill - 3 Players Defense
Defense Defense Time % Phy DF OF
1 Ian White Brian Lee 60 1 2 2
2 Boris Valabik Andrej Sustr 40 1 2 2
4 vs 4 Forward
Center Wing Time % Phy DF OF
1 John Tavares Guillaume Latendresse 60 1 2 2
2 Michael Grabner Jussi Jokinen 40 1 2 2
4 vs 4 Defense
Defense Defense Time % Phy DF OF
1 Ian White Brian Lee 60 1 2 2
2 Boris Valabik Andrej Sustr 40 1 2 2
Last Minutes Offensive
Center Left Wing Right Wing Defense Defense
John Tavares Guillaume Latendresse Michael Grabner Ian White Brian Lee
Last Minutes Defensive
Center Left Wing Right Wing Defense Defense
John Tavares Guillaume Latendresse Michael Grabner Ian White Brian Lee
Goaltenders
Starting : Matt Murray
Backup : Braden Holtby
Extra Forwards
Normal : Andrew Ladd, Cam Atkinson, Cory Emmerton - PP : Andrew Ladd, Cam Atkinson - PK : Cory Emmerton
Extra Defensemen
Normal : Tyson Barrie, Paul Ladue, Boris Valabik - PP : Tyson Barrie - PK : Paul Ladue, Boris Valabik
Penalty Shots
John Tavares, Guillaume Latendresse, Michael Grabner, Jussi Jokinen, Alex Chiasson
Scratches
Tyler Brenner (Healthy)
Blues
5 vs 5 Forward
Center Left Wing Right Wing Time % Phy DF OF
1 Nicklas Backstrom Filip Forsberg Tyler Johnson 40 1 2 2
2 Drew Shore David Perron Riley Sheahan 30 1 2 2
3 Auston Matthews Linus Omark Anthony Mantha 20 1 2 2
4 Devin Shore Jujhar Khaira Patrick Kaleta 10 1 2 2
5 vs 5 Defense
Defense Defense Time % Phy DF OF
1 Alex Pietrangelo Ryan Murray 40 1 2 2
2 Cody Ceci Jake Gardiner 30 1 2 2
3 Brandon Montour Jacob Slavin 20 1 2 2
4 Ryan Murray Alex Pietrangelo 10 1 2 2
PowerPlay Forward
Center Left Wing Right Wing Time % Phy DF OF
1 Nicklas Backstrom Filip Forsberg Tyler Johnson 60 1 2 2
2 Auston Matthews David Perron Riley Sheahan 40 1 2 2
PowerPlay Defense
Defense Defense Time % Phy DF OF
1 Alex Pietrangelo Jacob Slavin 60 1 2 2
2 Jake Gardiner Ryan Murray 40 1 2 2
Penalty Kill 4 Players Forward
Center Wing Time % Phy DF OF
1 Drew Shore Tyler Johnson 60 1 2 2
2 Riley Sheahan Patrick Kaleta 40 1 2 2
Penalty Kill 4 Players Defense
Defense Defense Time % Phy DF OF
1 Cody Ceci Ryan Murray 60 1 2 2
2 Jake Gardiner Jacob Slavin 40 1 2 2
Penalty Kill - 3 Players Forward
Forward Time % Phy DF OF
1 Riley Sheahan 60 1 2 2
2 Drew Shore 40 1 2 2
Penalty Kill - 3 Players Defense
Defense Defense Time % Phy DF OF
1 Cody Ceci Jake Gardiner 60 1 2 2
2 Ryan Murray Jacob Slavin 40 1 2 2
4 vs 4 Forward
Center Wing Time % Phy DF OF
1 Nicklas Backstrom Filip Forsberg 60 1 2 2
2 Devin Shore Tyler Johnson 40 1 2 2
4 vs 4 Defense
Defense Defense Time % Phy DF OF
1 Alex Pietrangelo Cody Ceci 60 1 2 2
2 Jake Gardiner Ryan Murray 40 1 2 2
Last Minutes Offensive
Center Left Wing Right Wing Defense Defense
Nicklas Backstrom Filip Forsberg Tyler Johnson Alex Pietrangelo Jake Gardiner
Last Minutes Defensive
Center Left Wing Right Wing Defense Defense
Drew Shore David Perron Riley Sheahan Cody Ceci Ryan Murray
Goaltenders
Starting : Carey Price
Backup : Joonas Korpisalo
Extra Forwards
Normal : Anthony Mantha, Auston Matthews, Filip Forsberg - PP : Riley Sheahan, Devin Shore - PK : Jujhar Khaira
Extra Defensemen
Normal : Jacob Slavin, Brandon Montour, Jake Gardiner - PP : Brandon Montour - PK : Alex Pietrangelo, Brandon Montour
Penalty Shots
David Perron, Auston Matthews, Devin Shore, Filip Forsberg, Tyler Johnson
Scratches
Eric Nystrom (Healthy), Peter Regin (Healthy)
% Time on Ice - Stars
Lines # - Real PCT - Wanted PCT - Time Play
Normal Forward
1 - 29% - 40% - 9:59
2 - 27% - 30% - 9:21
3 - 27% - 20% - 9:17
4 - 17% - 10% - 5:59
Normal Defense
1 - 41% - 40% - 14:15
2 - 29% - 30% - 10:01
3 - 26% - 20% - 9:03
4 - 4% - 10% - 1:17
PP Forward
1 - 57% - 60% - 7:41
2 - 43% - 40% - 5:49
PP Defense
1 - 56% - 60% - 7:36
2 - 44% - 40% - 5:54
PK Forward
1 - 71% - 60% - 8:24
2 - 29% - 40% - 3:30
PK Defense
1 - 58% - 60% - 6:56
2 - 42% - 40% - 4:58
PK3 Forward
1 - 0% - 60%
2 - 0% - 40%
PK3 Defense
1 - 0% - 60%
2 - 0% - 40%
44 Forward
1 - 100% - 60% - 0:09
2 - 0% - 40% - 0:00
44 Defense
1 - 100% - 60% - 0:09
2 - 0% - 40% - 0:00
Last Minute Offensive - 0:00
Last Minute Defensive - 0:00
Total
Forward - 60:09
Defense - 60:09
|
% Time on Ice - Blues
Lines # - Real PCT - Wanted PCT - Time Play
Normal Forward
1 - 32% - 40% - 11:03
2 - 29% - 30% - 9:57
3 - 22% - 20% - 7:42
4 - 17% - 10% - 5:54
Normal Defense
1 - 37% - 40% - 12:43
2 - 36% - 30% - 12:37
3 - 24% - 20% - 8:26
4 - 2% - 10% - 0:50
PP Forward
1 - 53% - 60% - 6:19
2 - 47% - 40% - 5:35
PP Defense
1 - 62% - 60% - 7:20
2 - 38% - 40% - 4:34
PK Forward
1 - 69% - 60% - 9:21
2 - 31% - 40% - 4:09
PK Defense
1 - 66% - 60% - 8:57
2 - 34% - 40% - 4:33
PK3 Forward
1 - 100% - 60% - 0:09
2 - 0% - 40% - 0:00
PK3 Defense
1 - 100% - 60% - 0:09
2 - 0% - 40% - 0:00
44 Forward
1 - 0% - 60%
2 - 0% - 40%
44 Defense
1 - 0% - 60%
2 - 0% - 40%
Last Minute Offensive - 0:00
Last Minute Defensive - 0:00
Total
Forward - 60:09
Defense - 60:09
|
Play-by-Play
1st period
0:01 of 1st period - John Tavares wins face-off versus Nicklas Backstrom in neutral zone.
0:10 of 1st period - Snap shot by John Tavares.
0:10 of 1st period - Stopped by Carey Price with a rebound.
0:12 of 1st period - Slapshot by Guillaume Latendresse.
0:12 of 1st period - Shot Misses the Net.
0:14 of 1st period - Slapshot by Ian White.
0:14 of 1st period - Shot Misses the Net.
0:16 of 1st period - Slapshot by Brian Lee.
0:16 of 1st period - Stopped by Carey Price with a rebound.
1:14 of 1st period - Wrist shot by Evgeny Kuznetsov.
1:14 of 1st period - Stopped by Carey Price with a rebound.
1:16 of 1st period - Minor Penalty to Patrick Kaleta for Roughing.
1:17 of 1st period - John Tavares wins face-off versus Drew Shore in Blues zone.
1:20 of 1st period - Wrist shot by John Tavares.
1:20 of 1st period - Stopped by Carey Price with a rebound.
1:22 of 1st period - Snap shot by Guillaume Latendresse.
1:22 of 1st period - Shot Misses the Net.
1:24 of 1st period - Snap shot by Michael Grabner.
1:24 of 1st period - Stopped by Carey Price with a rebound.
1:30 of 1st period - Snap shot by Guillaume Latendresse.
1:30 of 1st period - Shot Misses the Net.
1:48 of 1st period - Snap shot by Riley Sheahan.
1:48 of 1st period - Shot Misses the Net.
3:16 of 1st period - Penalty to Patrick Kaleta is over, Patrick Kaleta is back on ice.
3:24 of 1st period - Snap shot by Auston Matthews.
3:24 of 1st period - Deflect By Andrej Sustr.
3:24 of 1st period - Shot Misses the Net.
3:24 of 1st period - Puck is out of play.
3:25 of 1st period - Evgeny Kuznetsov wins face-off versus Auston Matthews in Stars zone.
3:25 of 1st period - Evgeny Kuznetsov is hit by Linus Omark.
3:40 of 1st period - Snap shot by Jeremy Morin.
3:40 of 1st period - Deflect By Linus Omark.
3:40 of 1st period - Shot Blocked by Brandon Montour.
3:40 of 1st period - Puck is out of play.
3:41 of 1st period - Evgeny Grachev wins face-off versus Nicklas Backstrom in Blues zone.
3:44 of 1st period - Backhand shot by Jussi Jokinen.
3:44 of 1st period - Stopped by Carey Price with a rebound.
3:58 of 1st period - Wrist shot by Evgeny Grachev.
3:58 of 1st period - Shot Misses the Net.
4:21 of 1st period - Wrist shot by John Tavares.
4:21 of 1st period - Stopped by Carey Price without a rebound.
4:22 of 1st period - John Tavares wins face-off versus Tyler Johnson in Blues zone.
4:47 of 1st period - Riley Sheahan is hit by Evgeny Grachev and loses puck.
5:08 of 1st period - Snap shot by Brian Lee.
5:08 of 1st period - Stopped by Carey Price with a rebound.
5:10 of 1st period - Slapshot by Ian White.
5:10 of 1st period - Stopped by Carey Price with a rebound.
5:12 of 1st period - Slapshot by Brian Lee.
5:12 of 1st period - Stopped by Carey Price without a rebound.
5:13 of 1st period - Nicklas Backstrom wins face-off versus Cory Emmerton in Blues zone.
5:25 of 1st period - Icing by Paul Ladue.
5:26 of 1st period - Nicklas Backstrom wins face-off versus Cory Emmerton in Stars zone.
5:33 of 1st period - Wrist shot by Nicklas Backstrom.
5:33 of 1st period - Stopped by Matt Murray with a rebound.
6:24 of 1st period - Wrist shot by Riley Sheahan.
6:24 of 1st period - Stopped by Matt Murray with a rebound.
6:39 of 1st period - Off-side.
6:40 of 1st period - Patrick Kaleta wins face-off versus Jussi Jokinen in neutral zone.
6:53 of 1st period - Snap shot by Patrick Kaleta.
6:53 of 1st period - Shot Blocked by Boris Valabik.
6:55 of 1st period - Slapshot by Jacob Slavin.
6:55 of 1st period - Deflect By Patrick Kaleta.
6:55 of 1st period - Shot Misses the Net.
6:55 of 1st period - Puck is out of play.
6:56 of 1st period - John Tavares wins face-off versus Nicklas Backstrom in Stars zone.
6:56 of 1st period - John Tavares is hit by Nicklas Backstrom.
7:13 of 1st period - Wrist shot by Nicklas Backstrom.
7:13 of 1st period - Stopped by Matt Murray without a rebound.
7:14 of 1st period - Drew Shore wins face-off versus Evgeny Grachev in Stars zone.
7:19 of 1st period - Snap shot by Riley Sheahan.
7:19 of 1st period - Shot Misses the Net.
7:21 of 1st period - Snap shot by Drew Shore.
7:21 of 1st period - Stopped by Matt Murray with a rebound.
7:23 of 1st period - Slapshot by Alex Pietrangelo.
7:23 of 1st period - Shot Blocked by Ian White.
7:38 of 1st period - Icing by Jussi Jokinen.
7:39 of 1st period - Evgeny Grachev wins face-off versus Nicklas Backstrom in Stars zone.
7:44 of 1st period - Brandon Montour is hit by Guillaume Latendresse and loses puck.
8:09 of 1st period - Minor Penalty to Drew Shore for Hooking.
8:10 of 1st period - John Tavares wins face-off versus Jujhar Khaira in Blues zone.
8:18 of 1st period - Wrist shot by John Tavares.
8:18 of 1st period - Stopped by Carey Price with a rebound.
8:20 of 1st period - Slapshot by Brian Lee.
8:20 of 1st period - Deflect By Guillaume Latendresse.
8:20 of 1st period - Shot Blocked by Cody Ceci.
8:20 of 1st period - Puck is out of play.
8:21 of 1st period - John Tavares wins face-off versus Jujhar Khaira in Blues zone.
8:30 of 1st period - Snap shot by Michael Grabner.
8:30 of 1st period - Stopped by Carey Price with a rebound.
8:32 of 1st period - Slapshot by Ian White.
8:32 of 1st period - Deflect By John Tavares.
8:32 of 1st period - Stopped by Carey Price with a rebound.
8:36 of 1st period - Snap shot by John Tavares.
8:36 of 1st period - Stopped by Carey Price with a rebound.
9:54 of 1st period - Cody Ceci is hit by Michael Grabner and loses puck.
10:09 of 1st period - Penalty to Drew Shore is over, Drew Shore is back on ice.
10:27 of 1st period - Snap shot by Cory Emmerton.
10:27 of 1st period - Shot Misses the Net.
11:28 of 1st period - Slapshot by Boris Valabik.
11:28 of 1st period - Stopped by Carey Price without a rebound.
11:29 of 1st period - Nicklas Backstrom wins face-off versus Evgeny Kuznetsov in Blues zone.
11:29 of 1st period - Nicklas Backstrom is hit by Scott Kosmachuck.
11:32 of 1st period - Icing by Tyler Johnson.
11:33 of 1st period - Evgeny Kuznetsov wins face-off versus Nicklas Backstrom in Blues zone.
11:44 of 1st period - Evgeny Kuznetsov is hit by Filip Forsberg.
12:27 of 1st period - Icing by Jake Gardiner.
12:28 of 1st period - Anthony Mantha wins face-off versus John Tavares in Blues zone.
13:05 of 1st period - Wrist shot by Nicklas Backstrom.
13:05 of 1st period - Stopped by Matt Murray without a rebound.
13:06 of 1st period - Drew Shore wins face-off versus Guillaume Latendresse in Stars zone.
13:19 of 1st period - Backhand shot by Riley Sheahan.
13:19 of 1st period - Stopped by Matt Murray with a rebound.
13:21 of 1st period - Wrist shot by David Perron.
13:21 of 1st period - Stopped by Matt Murray without a rebound.
13:22 of 1st period - Evgeny Grachev wins face-off versus Nicklas Backstrom in Stars zone.
13:22 of 1st period - Evgeny Grachev is hit by Nicklas Backstrom.
13:49 of 1st period - Minor Penalty to Brian Lee for Hooking.
13:50 of 1st period - Nicklas Backstrom wins face-off versus John Tavares in Stars zone.
13:57 of 1st period - Slapshot by Alex Pietrangelo.
13:57 of 1st period - Stopped by Matt Murray with a rebound.
14:07 of 1st period - Slapshot by Tyler Johnson.
14:07 of 1st period - Stopped by Matt Murray without a rebound.
14:08 of 1st period - Auston Matthews wins face-off versus John Tavares in Stars zone.
14:09 of 1st period - Wrist shot by David Perron.
14:09 of 1st period - Deflect By Auston Matthews.
14:09 of 1st period - Shot Blocked by Guillaume Latendresse.
14:09 of 1st period - Puck is out of play.
14:10 of 1st period - John Tavares wins face-off versus Auston Matthews in Stars zone.
14:10 of 1st period - John Tavares is hit by Jacob Slavin.
14:43 of 1st period - Wrist shot by Alex Pietrangelo.
14:43 of 1st period - Shot Hit the Post.
14:45 of 1st period - Wrist shot by Nicklas Backstrom.
14:45 of 1st period - Shot Blocked by Paul Ladue.
14:47 of 1st period - Slapshot by Jacob Slavin.
14:47 of 1st period - Deflect By Tyler Johnson.
14:47 of 1st period - Shot Misses the Net.
14:47 of 1st period - Puck is out of play.
14:48 of 1st period - Michael Grabner wins face-off versus Nicklas Backstrom in Stars zone.
14:53 of 1st period - Slapshot by Andrej Sustr.
14:53 of 1st period - Stopped by Carey Price with a rebound.
15:16 of 1st period - Snap shot by John Tavares.
15:16 of 1st period - Shot Misses the Net.
15:26 of 1st period - Snap shot by David Perron.
15:26 of 1st period - Shot Misses the Net.
15:36 of 1st period - Tyler Johnson is hit by Boris Valabik and loses puck.
15:49 of 1st period - Penalty to Brian Lee is over, Brian Lee is back on ice.
16:07 of 1st period - Snap shot by Michael Grabner.
16:07 of 1st period - Shot Misses the Net.
16:09 of 1st period - Wrist shot by Jussi Jokinen.
16:09 of 1st period - Shot Blocked by Jacob Slavin.
16:11 of 1st period - Snap shot by Michael Grabner.
16:11 of 1st period - Stopped by Carey Price with a rebound.
16:17 of 1st period - Wrist shot by Jussi Jokinen.
16:17 of 1st period - Stopped by Carey Price with a rebound.
16:32 of 1st period - Minor Penalty to Brian Lee for Holding.
16:33 of 1st period - John Tavares wins face-off versus Nicklas Backstrom in Stars zone.
17:12 of 1st period - Snap shot by David Perron.
17:12 of 1st period - Stopped by Matt Murray with a rebound.
18:32 of 1st period - Penalty to Brian Lee is over, Brian Lee is back on ice.
19:02 of 1st period - Minor Penalty to Jujhar Khaira for Interference.
19:03 of 1st period - Drew Shore wins face-off versus John Tavares in Blues zone.
19:12 of 1st period - Tyler Johnson is hit by Guillaume Latendresse and loses puck.
19:20 of 1st period - Off-side.
19:21 of 1st period - Drew Shore wins face-off versus Alex Chiasson in neutral zone.
19:26 of 1st period - Slapshot by Ryan Murray.
19:26 of 1st period - Shot Blocked by Evgeny Grachev.
19:49 of 1st period - Ian White is hit by Cody Ceci and loses puck.
Goals for this period are 0 for Stars vs 0 for Blues.
Shots for this period are 18 for Stars vs 10 for Blues.
2nd period
0:01 of 2nd period - Drew Shore wins face-off versus Guillaume Latendresse in neutral zone.
0:12 of 2nd period - Wrist shot by Tyler Johnson.
0:12 of 2nd period - Stopped by Matt Murray with a rebound.
0:22 of 2nd period - Michael Grabner is hit by Drew Shore and loses puck.
0:53 of 2nd period - Wrist shot by Drew Shore.
0:53 of 2nd period - Stopped by Matt Murray with a rebound.
0:59 of 2nd period - Slapshot by Ian White.
0:59 of 2nd period - Shot Blocked by Tyler Johnson.
1:01 of 2nd period - Backhand shot by John Tavares.
1:01 of 2nd period - Stopped by Carey Price with a rebound.
1:02 of 2nd period - Penalty to Jujhar Khaira is over, Jujhar Khaira is back on ice.
1:03 of 2nd period - Wrist shot by John Tavares.
1:03 of 2nd period - Shot Misses the Net.
1:05 of 2nd period - Snap shot by Brian Lee.
1:05 of 2nd period - Stopped by Carey Price without a rebound.
1:06 of 2nd period - Auston Matthews wins face-off versus Evgeny Grachev in Blues zone.
1:13 of 2nd period - Backhand shot by Jussi Jokinen.
1:13 of 2nd period - Shot Blocked by Jacob Slavin.
1:26 of 2nd period - Jussi Jokinen is hit by Anthony Mantha and loses puck.
1:40 of 2nd period - Minor Penalty to Andrej Sustr for Hooking.
1:41 of 2nd period - John Tavares wins face-off versus Nicklas Backstrom in Stars zone.
2:05 of 2nd period - David Perron is hit by Ian White and loses puck.
2:13 of 2nd period - Icing by Alex Pietrangelo.
2:14 of 2nd period - John Tavares wins face-off versus Auston Matthews in Blues zone.
3:10 of 2nd period - Slapshot by Filip Forsberg.
3:10 of 2nd period - Shot Misses the Net.
3:38 of 2nd period - Guillaume Latendresse is hit by Ryan Murray and loses puck.
3:40 of 2nd period - Penalty to Andrej Sustr is over, Andrej Sustr is back on ice.
4:58 of 2nd period - Wrist shot by Patrick Kaleta.
4:58 of 2nd period - Shot Blocked by Jeremy Morin.
5:23 of 2nd period - Slapshot by Brian Lee.
5:23 of 2nd period - Deflect By Jake Gardiner.
5:23 of 2nd period - Stopped by Carey Price with a rebound.
5:25 of 2nd period - Slapshot by Brian Lee.
5:25 of 2nd period - Stopped by Carey Price without a rebound.
5:26 of 2nd period - Auston Matthews wins face-off versus John Tavares in Blues zone.
5:26 of 2nd period - Auston Matthews is hit by Michael Grabner.
5:42 of 2nd period - Brian Lee is hit by Jacob Slavin and loses puck.
6:28 of 2nd period - Cam Atkinson is hit by Alex Pietrangelo and loses puck.
6:33 of 2nd period - Wrist shot by Riley Sheahan.
6:33 of 2nd period - Stopped by Matt Murray with a rebound.
6:47 of 2nd period - Snap shot by Jeremy Morin.
6:47 of 2nd period - Goal by Jeremy Morin - Stars : 1 - Blues : 0.
6:48 of 2nd period - Nicklas Backstrom wins face-off versus John Tavares in neutral zone.
7:15 of 2nd period - Brian Lee is hit by David Perron and loses puck.
7:38 of 2nd period - Snap shot by Patrick Kaleta.
7:38 of 2nd period - Shot Misses the Net.
7:40 of 2nd period - Wrist shot by Jujhar Khaira.
7:40 of 2nd period - Shot Blocked by Brian Lee.
7:42 of 2nd period - Wrist shot by Jujhar Khaira.
7:42 of 2nd period - Shot Blocked by Ian White.
7:44 of 2nd period - Wrist shot by Jacob Slavin.
7:44 of 2nd period - Shot Misses the Net.
7:46 of 2nd period - Snap shot by Jacob Slavin.
7:46 of 2nd period - Shot Blocked by Andrew Ladd.
7:48 of 2nd period - Snap shot by Devin Shore.
7:48 of 2nd period - Shot Misses the Net.
7:55 of 2nd period - Icing by Ian White.
7:56 of 2nd period - Cory Emmerton wins face-off versus Auston Matthews in Stars zone.
8:12 of 2nd period - Snap shot by Anthony Mantha.
8:12 of 2nd period - Stopped by Matt Murray with a rebound.
8:32 of 2nd period - Wrist shot by Tyler Johnson.
8:32 of 2nd period - Stopped by Matt Murray with a rebound.
8:47 of 2nd period - Minor Penalty to Cody Ceci for Roughing.
8:48 of 2nd period - John Tavares wins face-off versus Drew Shore in Blues zone.
8:53 of 2nd period - Snap shot by John Tavares.
8:53 of 2nd period - Deflect By Alex Pietrangelo.
8:53 of 2nd period - Stopped by Carey Price without a rebound.
8:54 of 2nd period - Drew Shore wins face-off versus John Tavares in Blues zone.
10:47 of 2nd period - Penalty to Cody Ceci is over, Cody Ceci is back on ice.
11:34 of 2nd period - Snap shot by Cory Emmerton.
11:34 of 2nd period - Shot Misses the Net.
12:03 of 2nd period - Snap shot by Riley Sheahan.
12:03 of 2nd period - Stopped by Matt Murray without a rebound.
12:04 of 2nd period - Nicklas Backstrom wins face-off versus Michael Grabner in Stars zone.
12:05 of 2nd period - Slapshot by Alex Pietrangelo.
12:05 of 2nd period - Shot Misses the Net.
12:13 of 2nd period - Ryan Murray is hit by John Tavares and loses puck.
12:30 of 2nd period - Jussi Jokinen is hit by Ryan Murray and loses puck.
12:52 of 2nd period - Andrej Sustr is hit by Tyler Johnson and loses puck.
13:09 of 2nd period - Wrist shot by David Perron.
13:09 of 2nd period - Stopped by Matt Murray without a rebound.
13:10 of 2nd period - Drew Shore wins face-off versus John Tavares in Stars zone.
13:27 of 2nd period - Minor Penalty to Brian Lee for Roughing.
13:28 of 2nd period - Nicklas Backstrom wins face-off versus John Tavares in Stars zone.
13:33 of 2nd period - Slapshot by Filip Forsberg.
13:33 of 2nd period - Stopped by Matt Murray without a rebound.
13:34 of 2nd period - John Tavares wins face-off versus Nicklas Backstrom in Stars zone.
15:27 of 2nd period - Penalty to Brian Lee is over, Brian Lee is back on ice.
15:47 of 2nd period - Snap shot by Jeremy Morin.
15:47 of 2nd period - Shot Misses the Net.
16:14 of 2nd period - Andrew Ladd is hit by Linus Omark and loses puck.
16:54 of 2nd period - Tyson Barrie is hit by Ryan Murray and loses puck.
17:53 of 2nd period - Snap shot by Patrick Kaleta.
17:53 of 2nd period - Shot Misses the Net.
18:02 of 2nd period - Icing by Jake Gardiner.
18:03 of 2nd period - Nicklas Backstrom wins face-off versus Evgeny Grachev in Blues zone.
18:03 of 2nd period - Nicklas Backstrom is hit by Evgeny Grachev.
18:33 of 2nd period - Snap shot by Riley Sheahan.
18:33 of 2nd period - Goal by Riley Sheahan - Stars : 1 - Blues : 1.
18:34 of 2nd period - John Tavares wins face-off versus Filip Forsberg in neutral zone.
18:37 of 2nd period - Backhand shot by Boris Valabik.
18:37 of 2nd period - Shot Blocked by Nicklas Backstrom.
18:51 of 2nd period - Slapshot by Alex Pietrangelo.
18:51 of 2nd period - Stopped by Matt Murray with a rebound.
19:05 of 2nd period - Wrist shot by Alex Pietrangelo.
19:05 of 2nd period - Stopped by Matt Murray with a rebound.
19:07 of 2nd period - Slapshot by Alex Pietrangelo.
19:07 of 2nd period - Stopped by Matt Murray with a rebound.
19:29 of 2nd period - Slapshot by Boris Valabik.
19:29 of 2nd period - Stopped by Carey Price without a rebound.
19:30 of 2nd period - Cory Emmerton wins face-off versus Nicklas Backstrom in Blues zone.
19:37 of 2nd period - Slapshot by Jacob Slavin.
19:37 of 2nd period - Shot Blocked by Ian White.
19:55 of 2nd period - Wrist shot by Cory Emmerton.
19:55 of 2nd period - Stopped by Carey Price with a rebound.
19:57 of 2nd period - Snap shot by Cam Atkinson.
19:57 of 2nd period - Shot Misses the Net.
19:59 of 2nd period - Snap shot by Cam Atkinson.
19:59 of 2nd period - Shot Misses the Net.
Goals for this period are 1 for Stars vs 1 for Blues.
Shots for this period are 8 for Stars vs 12 for Blues.
3rd period
0:01 of 3rd period - Nicklas Backstrom wins face-off versus John Tavares in neutral zone.
0:31 of 3rd period - Wrist shot by Jussi Jokinen.
0:31 of 3rd period - Shot Misses the Net.
0:33 of 3rd period - Slapshot by Alex Chiasson.
0:33 of 3rd period - Stopped by Carey Price without a rebound.
0:34 of 3rd period - John Tavares wins face-off versus Nicklas Backstrom in Blues zone.
0:37 of 3rd period - Wrist shot by Michael Grabner.
0:37 of 3rd period - Shot Blocked by Nicklas Backstrom.
1:45 of 3rd period - Minor Penalty to Filip Forsberg for Hooking.
1:46 of 3rd period - Jujhar Khaira wins face-off versus Evgeny Grachev in Blues zone.
2:03 of 3rd period - Snap shot by Jussi Jokinen.
2:03 of 3rd period - Shot Misses the Net.
2:13 of 3rd period - Evgeny Grachev is hit by Ryan Murray and loses puck.
3:00 of 3rd period - Slapshot by Andrej Sustr.
3:00 of 3rd period - Shot Hit the Post.
3:02 of 3rd period - Slapshot by Andrew Ladd.
3:02 of 3rd period - Shot Blocked by Jacob Slavin.
3:04 of 3rd period - Slapshot by Cam Atkinson.
3:04 of 3rd period - Shot Misses the Net.
3:06 of 3rd period - Snap shot by Scott Kosmachuck.
3:06 of 3rd period - Shot Misses the Net.
3:08 of 3rd period - Slapshot by Boris Valabik.
3:08 of 3rd period - Stopped by Carey Price without a rebound.
3:09 of 3rd period - John Tavares wins face-off versus Drew Shore in Blues zone.
3:36 of 3rd period - Slapshot by Riley Sheahan.
3:36 of 3rd period - Shot Misses the Net.
3:45 of 3rd period - Penalty to Filip Forsberg is over, Filip Forsberg is back on ice.
4:13 of 3rd period - Jeremy Morin is hit by Tyler Johnson.
4:17 of 3rd period - Jeremy Morin is hit by Nicklas Backstrom and loses puck.
4:40 of 3rd period - Evgeny Kuznetsov is hit by Jujhar Khaira and loses puck.
4:51 of 3rd period - Paul Ladue is hit by Drew Shore and loses puck.
5:10 of 3rd period - Cam Atkinson is hit by Auston Matthews and loses puck.
5:53 of 3rd period - Evgeny Grachev is hit by Jake Gardiner.
5:57 of 3rd period - Wrist shot by David Perron.
5:57 of 3rd period - Shot Blocked by Evgeny Grachev.
5:59 of 3rd period - Wrist shot by Drew Shore.
5:59 of 3rd period - Stopped by Matt Murray with a rebound.
6:01 of 3rd period - Slapshot by Cody Ceci.
6:01 of 3rd period - Stopped by Matt Murray with a rebound.
6:15 of 3rd period - Snap shot by Patrick Kaleta.
6:15 of 3rd period - Stopped by Matt Murray with a rebound.
7:15 of 3rd period - Drew Shore is hit by Andrew Ladd and loses puck.
8:56 of 3rd period - Boris Valabik is hit by Cody Ceci and loses puck.
9:59 of 3rd period - Minor Penalty to Andrew Ladd for High sticking.
10:00 of 3rd period - John Tavares wins face-off versus Nicklas Backstrom in Stars zone.
10:27 of 3rd period - Guillaume Latendresse is hit by Alex Pietrangelo and loses puck.
10:34 of 3rd period - Wrist shot by Riley Sheahan.
10:34 of 3rd period - Shot Misses the Net.
11:16 of 3rd period - Jussi Jokinen is hit by Tyler Johnson and loses puck.
11:37 of 3rd period - Jake Gardiner is hit by Ian White and loses puck.
11:59 of 3rd period - Penalty to Andrew Ladd is over, Andrew Ladd is back on ice.
12:14 of 3rd period - Snap shot by John Tavares.
12:14 of 3rd period - Stopped by Carey Price without a rebound.
12:15 of 3rd period - Devin Shore wins face-off versus Evgeny Grachev in Blues zone.
12:31 of 3rd period - Jussi Jokinen is hit by Patrick Kaleta and loses puck.
12:42 of 3rd period - Tyler Johnson is hit by Cam Atkinson and loses puck.
12:56 of 3rd period - Minor Penalty to Andrew Ladd for Tripping.
12:57 of 3rd period - Nicklas Backstrom wins face-off versus John Tavares in Stars zone.
12:57 of 3rd period - Snap shot by Filip Forsberg.
12:57 of 3rd period - Shot Blocked by Ian White.
12:59 of 3rd period - Snap shot by Tyler Johnson.
12:59 of 3rd period - Stopped by Matt Murray with a rebound.
13:13 of 3rd period - Wrist shot by Tyler Johnson.
13:13 of 3rd period - Stopped by Matt Murray with a rebound.
14:01 of 3rd period - Nicklas Backstrom is hit by Boris Valabik and loses puck.
14:56 of 3rd period - Penalty to Andrew Ladd is over, Andrew Ladd is back on ice.
15:14 of 3rd period - Wrist shot by Jussi Jokinen.
15:14 of 3rd period - Shot Blocked by Brandon Montour.
15:16 of 3rd period - Minor Penalty to Anthony Mantha for Roughing.
15:17 of 3rd period - Evgeny Grachev wins face-off versus Drew Shore in Blues zone.
15:22 of 3rd period - Wrist shot by Jussi Jokinen.
15:22 of 3rd period - Stopped by Carey Price with a rebound.
15:24 of 3rd period - Snap shot by Alex Chiasson.
15:24 of 3rd period - Stopped by Carey Price without a rebound.
15:25 of 3rd period - Evgeny Grachev wins face-off versus Drew Shore in Blues zone.
15:26 of 3rd period - Snap shot by Jussi Jokinen.
15:26 of 3rd period - Shot Misses the Net.
15:36 of 3rd period - Slapshot by Jussi Jokinen.
15:36 of 3rd period - Stopped by Carey Price with a rebound.
15:38 of 3rd period - Wrist shot by Alex Chiasson.
15:38 of 3rd period - Shot Blocked by Tyler Johnson.
15:40 of 3rd period - Slapshot by Brian Lee.
15:40 of 3rd period - Stopped by Carey Price without a rebound.
15:41 of 3rd period - Drew Shore wins face-off versus John Tavares in Blues zone.
15:52 of 3rd period - Slapshot by Brian Lee.
15:52 of 3rd period - Deflect By John Tavares.
15:52 of 3rd period - Shot Misses the Net.
15:52 of 3rd period - Puck is out of play.
15:53 of 3rd period - Drew Shore wins face-off versus John Tavares in Blues zone.
16:06 of 3rd period - Slapshot by Cody Ceci.
16:06 of 3rd period - Shot Misses the Net.
16:32 of 3rd period - Snap shot by Ian White.
16:32 of 3rd period - Stopped by Carey Price without a rebound.
16:33 of 3rd period - Drew Shore wins face-off versus Evgeny Grachev in Blues zone.
17:16 of 3rd period - Penalty to Anthony Mantha is over, Anthony Mantha is back on ice.
17:38 of 3rd period - Slapshot by Ryan Murray.
17:38 of 3rd period - Stopped by Matt Murray without a rebound.
17:39 of 3rd period - Nicklas Backstrom wins face-off versus Cory Emmerton in Stars zone.
17:51 of 3rd period - Snap shot by Nicklas Backstrom.
17:51 of 3rd period - Stopped by Matt Murray without a rebound.
17:52 of 3rd period - Cory Emmerton wins face-off versus Auston Matthews in Stars zone.
17:52 of 3rd period - Cory Emmerton is hit by Ryan Murray.
18:02 of 3rd period - Snap shot by Linus Omark.
18:02 of 3rd period - Shot Misses the Net.
18:04 of 3rd period - Slapshot by Alex Pietrangelo.
18:04 of 3rd period - Stopped by Matt Murray without a rebound.
18:05 of 3rd period - Linus Omark wins face-off versus Cory Emmerton in Stars zone.
18:23 of 3rd period - Minor Penalty to Alex Pietrangelo for Hooking.
18:24 of 3rd period - Drew Shore wins face-off versus John Tavares in Blues zone.
18:32 of 3rd period - Slapshot by Guillaume Latendresse.
18:32 of 3rd period - Shot Hit the Post.
Goals for this period are 0 for Stars vs 0 for Blues.
Shots for this period are 8 for Stars vs 8 for Blues.
Overtime #1
0:01 of 1st overtime period - John Tavares wins face-off versus Riley Sheahan in neutral zone.
0:09 of 1st overtime period - Slapshot by Cody Ceci.
0:09 of 1st overtime period - Deflect By John Tavares.
0:09 of 1st overtime period - Goal by Cody Ceci - Stars : 1 - Blues : 2.
Goals for this period are 0 for Stars vs 1 for Blues.
Shots for this period are 0 for Stars vs 1 for Blues.